 Dungeon Crawl Stone Soup version 0.23-a0-419-g0174fd8 (webtiles) character file.

348 jerryfan the Magician (level 6, 0/66 HPs)
             Began as a Gnoll Wanderer on Nov 9, 2018.
             Was an Initiate of Cheibriados.
             Succumbed to a scorpion's poison
             ... on level 4 of the Dungeon on Nov 12, 2018.
             The game lasted 00:19:50 (5080 turns).

jerryfan the Magician (Gnoll Wanderer)              Turns: 5080, Time: 00:19:50

Health: 0/66       AC: 23    Str: 14 (15) XL:     6   Next: 60%
Magic:  12/14      EV:  2    Int: 12 (15) God:    Cheibriados [......]
Gold:   196        SH:  0    Dex: 19 (21) Spells: 6/15 levels left

rFire    + . .     SeeInvis .   b - +0 spear
rCold    + . .     Gourm    .   (no shield)
rNeg     + + +     Faith    .   (armour currently unavailable)
rPois    +         Spirit   .   (helmet currently unavailable)
rElec    +         Reflect  .   (cloak currently unavailable)
rCorr    +         Harm     .   (gloves currently unavailable)
MR       .....     NoTele   +   (boots currently unavailable)
Stlth    +++.......             (no amulet)
HPRegen  0.61/turn              i - +3 ring of dexterity
MPRegen  0.14/turn              (no ring)

@: lethally poisoned (0 -> 0), tree-form, resistant, very slightly contaminated,
very slow
A: distributed training, regeneration 1, strong nose
a: Bend Time, Renounce Religion


You were on level 4 of the Dungeon.
You worshipped Cheibriados.
Cheibriados was noncommittal.
You were not hungry.
You were a tree.
You visited 1 branch of the dungeon, and saw 4 of its levels.

You collected 196 gold pieces.

Inventory:

Hand Weapons
 b - a +0 spear (weapon)
 u - a +0 flail of venom
Missiles
 h - 4 javelins of returning (quivered)
Armour
 d - a +0 robe (melded)
 j - a +1 pair of gloves (melded)
 t - a +0 helmet (melded)
Jewellery
 e - an uncursed ring of fire
 i - a +3 ring of dexterity (left branch)
Wands
 a - a wand of enslavement (9)
Scrolls
 c - 3 scrolls of teleportation
 n - 2 scrolls of random uselessness {unknown}
 s - 3 scrolls of identify
 v - 2 scrolls of remove curse
Potions
 k - a potion of agility
 o - a potion of haste
Comestibles
 f - 5 rations


   Skills:
 + Level 2.0 Fighting
 + Level 2.0 Short Blades
 + Level 2.0 Long Blades
 + Level 2.0 Axes
 + Level 2.0 Maces & Flails
 + Level 5.0 Polearms
 + Level 2.0 Staves
 + Level 2.0 Slings
 + Level 2.0 Bows
 + Level 2.0 Crossbows
 + Level 2.0 Throwing
 + Level 2.0 Armour
 + Level 3.2 Dodging
 + Level 3.1 Stealth
 + Level 2.0 Shields
 + Level 2.0 Unarmed Combat
 + Level 5.4 Spellcasting
 + Level 1.5 Conjurations
 + Level 1.5 Hexes
 + Level 1.5 Charms
 + Level 4.1 Summonings
 + Level 1.5 Necromancy
 + Level 1.5 Translocations
 + Level 2.6 Transmutations
 + Level 1.5 Fire Magic
 + Level 1.5 Ice Magic
 + Level 1.5 Air Magic
 + Level 1.5 Earth Magic
 + Level 1.5 Poison Magic
 + Level 2.2 Invocations
 + Level 3.2 Evocations


You had 6 spell levels left.
You knew the following spells:

 Your Spells              Type           Power        Failure   Level  Hunger
a - Beastly Appendage     Tmut           #.....       6%          1    None
b - Ignite Poison         Fire/Tmut/Pois #.......     26%         3    ###....
c - Call Imp              Summ           ##......     5%          2    ##.....
d - Dazzling Spray        Conj/Hex       #.....       30%         3    ###....

Your spell library contained the following spells:

 Spells                   Type           Power        Failure   Level  Hunger
 Summon Small Mammal      Summ           ##..         3%          1    None
 Magic Dart               Conj           #...         10%         1    None
 Call Canine Familiar     Summ           ##......     11%         3    ###....
 Searing Ray              Conj           #.....       16%         2    ##.....
 Summon Guardian Golem    Hex/Summ       ##......     19%         3    ###....
 Summon Ice Beast         Ice/Summ       ##......     52%         4    ####...
 Summon Lightning Spire   Summ/Air       ##......     52%         4    ####...
 Force Lance              Conj/Tloc      #.......     69%         4    ####...
 Fulminant Prism          Conj/Hex       #.........   69%         4    ####...
 Iskenderun's Mystic Bla  Conj           #.......     69%         4    ####...


Dungeon Overview and Level Annotations

Branches:
Dungeon (4/15)
 Temple: D:4-7

Altars:
Ashenzari
Cheibriados
Gozag
Hepliaklqana
Okawaru
Sif Muna

Annotations:
D:3 exclusion: ogre, Ijyb, Natasha
D:4 1 runed door, nethax's ghost, novice MiFi


Innate Abilities, Weirdness & Mutations

Your experience applies equally to all skills.
((You have very sharp teeth.))
Your uncanny sense of smell can sniff out nearby items.
((You are partially covered in yellow scales. (AC +2)))
Your natural rate of healing is unusually fast.


Message History

You feel weakened.
You feel dopey.
You feel clumsy.
Your crimson imp hits the scorpion.
The scorpion stings you.
* * * LOW HITPOINT WARNING * * *
Unknown command.
It was a potion of resistance.
You feel protected.
You feel sick.
Your crimson imp hits the scorpion but does no damage.
The scorpion stings you but does no damage.
It was a potion of magic.
Magic courses through your body.
Your crimson imp blinks!
The scorpion stings you.
* * * LOW HITPOINT WARNING * * *
Casting: Beastly Appendage (safe; 6% risk of failure)
Confirm with . or Enter, or press ? or * to list all spells.
Aiming: Dazzling Spray (safe; 30% risk of failure)
Press: ? - help, Shift-Dir - straight line, f/p - scorpion
Aim: a scorpion (moderately wounded)
You miscast Dazzling Spray.
Your branches glow momentarily.
You die...

#.######......# ######.#
#........###### #.###..#
#.######.########.# #..# #### #.#
#...........#.###.## ...#
#.###.##.######.#.#..... ##.#
#........# #.....#### #.#
#.###.##.# #.....# #.# #.....§s.#
#.....# ##.# #####..♣## #.....#
...# ###.# ###.### ...# #.# #.#
..## #.# ##+## .## #.# ##...##
.### #.# ##.....## .#.## ##.##
##.......##
....###########..<####...(.....##
.....................'.........+.


You could see a scorpion.

Vanquished Creatures
  An ogre (D:4)
  2 orc priests
  2 iguanas (D:4)
  An orc wizard (D:3)
  4 adders
  2 oozes
  3 worms (D:2)
  2 dart slugs
  3 leopard geckos
  8 orcs (D:3)
  2 giant cockroaches
  7 goblins
  4 hobgoblins
  10 jackals
  A quokka (D:3)
  A ball python (D:3)
  9 bats
  5 frilled lizards
  4 kobolds
  11 rats
82 creatures vanquished.

Vanquished Creatures (collateral kills)
  A bat (D:1)
1 creature vanquished.

Vanquished Creatures (others)
  An ooze (D:1)
  An orc (D:4)
2 creatures vanquished.

Grand Total: 85 creatures vanquished

Notes
Turn   | Place    | Note
-------+----------+-------------------------------------------
     0 | D:1      | jerryfan the Gnoll Wanderer began the quest for the Orb.
     0 | D:1      | jerryfan set off with the following items: a wand of
                  | enslavement (15), a +0 spear, a +0 robe, a ration; and the
                  | following spell memorised: Beastly Appendage; and the
                  | following spells available to memorise: Ignite Poison
     0 | D:1      | Reached XP level 1. HP: 13/13 MP: 6/6
   293 | D:1      | Reached XP level 2. HP: 6/19 MP: 5/7
  1064 | D:1      | Reached skill level 5 in Spellcasting
  1064 | D:1      | Reached XP level 3. HP: 16/25 MP: 7/9
  1074 | D:1      | Learned a level 3 spell: Ignite Poison
  1611 | D:2      | Reached skill level 1 in Invocations
  1618 | D:2      | Found a shattered altar of Ashenzari.
  1938 | D:2      | Reached skill level 1 in Fighting
  1938 | D:2      | Reached skill level 1 in Short Blades
  1938 | D:2      | Reached skill level 1 in Long Blades
  1938 | D:2      | Reached skill level 1 in Axes
  1938 | D:2      | Reached skill level 1 in Maces & Flails
  1938 | D:2      | Reached skill level 1 in Staves
  1938 | D:2      | Reached skill level 1 in Slings
  1938 | D:2      | Reached skill level 1 in Bows
  1938 | D:2      | Reached skill level 1 in Crossbows
  1938 | D:2      | Reached skill level 1 in Throwing
  1938 | D:2      | Reached skill level 1 in Armour
  1938 | D:2      | Reached skill level 1 in Shields
  1938 | D:2      | Reached skill level 1 in Unarmed Combat
  2148 | D:2      | Reached XP level 4. HP: 27/32 MP: 8/11
  2598 | D:2      | Upgraded the game from 0.23-a0-416-g33f1def to
                  | 0.23-a0-419-g0174fd8
  2868 | D:3      | Noticed Ijyb
  2894 | D:3      | Found a hazy altar of Hepliaklqana.
  3046 | D:3      | Reached skill level 1 in Conjurations
  3046 | D:3      | Reached skill level 1 in Hexes
  3046 | D:3      | Reached skill level 1 in Charms
  3046 | D:3      | Reached skill level 1 in Necromancy
  3046 | D:3      | Reached skill level 1 in Translocations
  3046 | D:3      | Reached skill level 1 in Fire Magic
  3046 | D:3      | Reached skill level 1 in Ice Magic
  3046 | D:3      | Reached skill level 1 in Air Magic
  3046 | D:3      | Reached skill level 1 in Earth Magic
  3046 | D:3      | Reached skill level 1 in Poison Magic
  3073 | D:3      | Reached XP level 5. HP: 33/37 MP: 12/12
  3280 | D:3      | Noticed Natasha
  3282 | D:3      | Noticed an ogre
  3342 | D:3      | Found an opulent altar of Gozag.
  3507 | D:3      | Found a deep blue altar of Sif Muna.
  3507 | D:3      | Found a snail-covered altar of Cheibriados.
  3514 | D:3      | Became a worshipper of Cheibriados the Contemplative
  4132 | D:4      | Reached XP level 6. HP: 43/44 MP: 13/13
  4222 | D:4      | Found a runed door.
  4225 | D:4      | Noticed nethax's ghost (novice MiFi)
  4269 | D:4      | Found an iron altar of Okawaru.
  4629 | D:4      | Learned a level 2 spell: Call Imp
  4816 | D:4      | Learned a level 3 spell: Dazzling Spray
  4829 | D:4      | Reached skill level 5 in Polearms
  5069 | D:4      | Gained mutation: Your natural rate of healing is unusually
                  | fast. [potion of mutation]
  5069 | D:4      | Gained mutation: You are partially covered in yellow
                  | scales. (AC +2) [potion of mutation]
  5075 | D:4      | HP: 2/44 [scorpion (8)]
  5080 | D:4      | Succumbed to a scorpion's poison

Vault maps used:
D:1:      lightli_arrival_chessboard
D:2:      nicolae_ashenzari_panopticon
D:3:      lemuel_doored_altar, gammafunk_temple_overflow_elements,
          eino_tiny_chamber, lemuel_statue_altar, uniq_natasha, uniq_ijyb
D:4:      marbit_many_paths, ebering_ghost_sewer_d

Skill      XL: |  1  2  3  4  5  6 |
---------------+-------------------+-----
Transmutations | 2 |  2.6
Spellcasting   | 5 |  5.4
Invocations    | 1 2 |  2.2
Fighting       | 1 2 |  2.0
Short Blades   | 1 2 |  2.0
Long Blades    | 1 2 |  2.0
Axes           | 1 2 |  2.0
Maces & Flails | 1 2 |  2.0
Staves         | 1 2 |  2.0
Slings         | 1 2 |  2.0
Bows           | 1 2 |  2.0
Crossbows      | 1 2 |  2.0
Throwing       | 1 2 |  2.0
Armour         | 1 2 |  2.0
Shields        | 1 2 |  2.0
Unarmed Combat | 1 2 |  2.0
Conjurations   | 1 |  1.5
Hexes          | 1 |  1.5
Charms         | 1 |  1.5
Necromancy     | 1 |  1.5
Translocations | 1 |  1.5
Fire Magic     | 1 |  1.5
Ice Magic      | 1 |  1.5
Air Magic      | 1 |  1.5
Earth Magic    | 1 |  1.5
Poison Magic   | 1 |  1.5
Dodging        | 3 |  3.2
Evocations     | 3 |  3.2
Summonings     | 4 |  4.1
Stealth        | 3 |  3.1
Polearms       | 5 |  5.0

Action                   |  1- 3 |  4- 6 || total
-------------------------+-------+-------++-------
Melee: Spear             |   142 |   203 ||   345
       Bite              |    10 |    26 ||    36
       Headbutt          |     1 |       ||     1
       Kick              |     7 |     3 ||    10
       Punch             |       |     3 ||     3
Throw: Javelin           |     3 |     9 ||    12
 Cast: Beastly Appendage |     7 |     2 ||     9
       Call Imp          |       |     4 ||     4
       Dazzling Spray    |       |     3 ||     3
Evoke: Wand              |     3 |     3 ||     6
  Use: Scroll            |     3 |     5 ||     8
       Potion            |     1 |     7 ||     8
 Stab: Sleeping          |     5 |     6 ||    11
       Invisible         |       |     1 ||     1
  Eat: Chunk             |     4 |     8 ||    12
       Ration            |       |     1 ||     1
Armor: Robe              |    10 |    37 ||    47
       Skin              |       |     2 ||     2
Dodge: Dodged            |    51 |   117 ||   168

Table legend:
 A = Non-vault XP
 B = Vault XP
 C = Vault XP percentage of total XP
 D = Non-vault monster count
 E = Vault monster count
 F = Vault count percentage of total count
                 A         B        C        D         E       F
            +---------+---------+-------+---------+---------+-------
      Total |     462 |      36 |   7.2 |      82 |       1 |   1.2
            +---------+---------+-------+---------+---------+-------
        D:1 |      43 |       0 |   0.0 |      22 |       0 |   0.0
        D:2 |      73 |       0 |   0.0 |      26 |       0 |   0.0
        D:3 |     160 |       0 |   0.0 |      27 |       0 |   0.0
        D:4 |     186 |      36 |  16.2 |       7 |       1 |  12.5
            +---------+---------+-------+---------+---------+-------
